 Dungeon Crawl Stone Soup version 0.31-a0-840-g6d2ecbb638 (webtiles) character file.

Game seed: 13439833466159015692

9310 Ethylacetat the Mimic (level 11, -8/58 HPs)
             Began as a Vine Stalker Shapeshifter on Sept 27, 2023.
             Was a Follower of Ashenzari.
             Mangled by a seven-headed hydra (11 damage)
             ... on level 10 of the Dungeon.
             The game lasted 00:29:00 (8137 turns).

Ethylacetat the Mimic (Vine Stalker Shapeshifter)   Turns: 8137, Time: 00:29:00

Health: -8/58      AC:  1    Str: 19    XL:     11   Next: 44%
Magic:  0/22       EV: 21    Int:  6    God:    Ashenzari [*.....]
Gold:   1387       SH:  0    Dex: 21    Spells: 24/24 levels left

rFire   . .          .
                       - Unarmed
rCold   . . .        (shield currently unavailable)
rNeg    + . .        (no body armour)
rPois   .            (no helmet)
rElec   +            E - +0 cloak "Uvacsig" {Dex+3}
rCorr   .            (no gloves)
SInv    .            (no boots)
Will    ++...        u - amulet of Ashenzari's Stars {Regen+, Self, Bglg} (curse)
Stlth   +            G - ring "Rore" {Will+ Str+2}
HPRegen 1.89/turn    H - ring of Ashenzari's Fetters {rElec rN+ EV+5 Int-4 Stlth+, Dev, Comp} (curse)
MPRegen 0.18/turn

%: guardian spirit
@: confused, mighty, flux-form, ambrosia-drunk, hasted, glowing, invisible (but
backlit and visible), very quick
A: glow, contaminating, fangs 3, regeneration 1, magic shield, antimagic bite,
no potion heal 2
a: Begin Untransformation, Renounce Religion, Curse Item, Shatter the Chains


You were on level 10 of the Dungeon.
You worshipped Ashenzari.
Ashenzari was aware of your devotion.
You were something dangerously unstable.
You visited 2 branches of the dungeon, and saw 11 of its levels.
You also visited: Ossuary and Bailey.

You collected 1492 gold pieces.
You spent 105 gold pieces at shops.

Inventory:

Missiles
 m - 5 throwing nets (quivered)
Armour
 E - the +0 cloak "Uvacsig" (worn) {Dex+3}
   (You found it on level 6 of the Dungeon)

   Dex+3:     It affects your dexterity (+3).
Jewellery
 u - the cursed amulet of Ashenzari's Stars (around neck) {Regen+, Self, Bglg}
   (You found it on level 4 of the Dungeon)

   [amulet of regeneration]

   Regen+:    It increases your rate of health regeneration.
   It has a curse which improves the following skills: Introspection: Fighting
   and Spellcasting.
   Beguiling: Conjurations, Hexes and Translocations.
 G - the ring "Rore" (left hand) {Will+ Str+2}
   (You found it on level 6 of the Dungeon)

   [ring of willpower]

   Str+2:     It affects your strength (+2).
   Will+:     It increases your willpower.
 H - the cursed ring of Ashenzari's Fetters (right hand) {rElec rN+ EV+5 Int-4 Stlth+, Dev, Comp}
   (You found it on level 6 of the Dungeon)

   [ring of evasion]

   EV+5:      It affects your evasion (+5).
   Int-4:     It affects your intelligence (-4).
   rElec:     It insulates you from electricity.
   rN+:       It protects you from negative energy.
   Stlth+:    It makes you more stealthy.
   It has a curse which improves the following skills: Devices: Evocations and
   Shapeshifting.
   Companions: Summonings and Necromancy.
Talismans
 d - a flux talisman (active)
Wands
 c - a wand of polymorph (16)
 i - a wand of roots (5)
 s - a wand of acid (11)
 x - a wand of flame (23)
Scrolls
 a - a scroll of amnesia
 e - a scroll of enchant armour
 h - 8 scrolls of fear
 j - 3 scrolls of immolation
 k - 6 scrolls of teleportation
 y - 4 scrolls of blinking
 z - a scroll of brand weapon
 A - a scroll of enchant weapon
 B - a scroll of poison
 F - 3 scrolls of revelation
 M - 2 scrolls of fog
Potions
 b - 4 potions of lignification
 f - 7 potions of enlightenment
 g - a potion of brilliance
 l - 5 potions of heal wounds
 n - a potion of might
 o - 5 potions of curing
 p - 2 potions of resistance
 q - a potion of berserk rage
 w - a potion of mutation
 C - a potion of cancellation
 D - 2 potions of ambrosia
 I - a potion of attraction
 J - 2 potions of haste
 K - 2 potions of magic


   Skills:
 + Level 6.6(7.4) Fighting
 + Level 6.3 Dodging
 + Level 7.9 Unarmed Combat
 + Level 6.4(7.2) Spellcasting
 * Level 10.1(10.9) Shapeshifting


You had 24 spell levels left.
You didn't know any spells.
Your spell library contained the following spells:

 Spells                   Type           Power      Damage    Failure   Level
 Freeze                   Ice            8%         1d3       24%         1
 Necrotise                Necr           8%         1d4       24%         1
 Sandblast                Erth           4%         2d4       24%         1
 Shock                    Conj/Air       8%         1d3       24%         1
 Sting                    Tmut/Pois      8%         1d3       24%         1
 Passwall                 Tmut/Erth      1%         N/A       36%         2
 Poisonous Vapours        Pois/Air       4%         N/A       36%         2
 Call Canine Familiar     Summ           2%         N/A       56%         3
 Dazzling Flash           Conj/Hex       4%         N/A       56%         3
 Hailstorm                Conj/Ice       2%         3d3       56%         3
 Mephitic Cloud           Conj/Pois/Air  2%         N/A       56%         3
 Sigil of Binding         Hex            2%         N/A       56%         3
 Stone Arrow              Conj/Erth      4%         3d7       56%         3
 Vampiric Draining        Necr           2%         2d6       56%         3
 Volatile Blastmotes      Fire/Tloc      4%         2d10      56%         3
 Frozen Ramparts          Ice            4%         1d1       58%         3
 Swiftness                Air            2%         N/A       58%         3
 Animate Armour           Summ/Erth      4%         N/A       93%         4
 Brom's Barrelling Bould  Conj/Erth      2%         2d3       93%         4
 Dimensional Bullseye     Hex/Tloc       1%         N/A       93%         4
 Leda's Liquefaction      Hex/Erth       1%         N/A       93%         4
 Summon Ice Beast         Ice/Summ       2%         N/A       93%         4
 Airstrike                Air            1%         2d(1-17)  94%         4
 Olgreb's Toxic Radiance  Pois           2%         N/A       94%         4
 Agony                    Necr           2%         N/A       100%        5
 Freezing Cloud           Conj/Ice/Air   1%         6-21      100%        5
 Simulacrum               Ice/Necr       1%         N/A       100%        6
 Starburst                Conj/Fire      1%         6d3       100%        6
 Lehudib's Crystal Spear  Conj/Erth      1%         10d2      100%        8
 Maxwell's Capacitive Co  Air            1%         ∞         100%        8


Dungeon Overview and Level Annotations

Branches:
Dungeon (10/15)            Temple (1/1) D:5            Lair (0/5) D:10
    Orc (0/2) D:9         Ossuary (visited)          Bailey (visited)

Altars:
Ashenzari
Cheibriados
Dithmenos
Elyvilon
Fedhas
Gozag
Hepliaklqana
Kikubaaqudgha
Nemelex Xobeh
Qazlal
Sif Muna
Trog
Uskayaw
Wu Jian
Xom
Yredelemnul
Zin
The Shining One

Shops:
D:5 **   D:6 :   D:8 *!=?   D:9 *

Annotations:
D:10 Urug


Innate Abilities, Weirdness & Mutations

You are something dangerously unstable.
You glow with magical radiation, making you easy to see and hit.
Foes you strike become dangerously contaminated with magical radiation.
You are incapable of wielding weapons or throwing items.
You have razor-sharp teeth.
Your natural rate of healing is unusually fast.
When hurt, damage is shared between your health and your magic reserves.
Your bite disrupts and absorbs the magic of your enemies.
Potions cannot restore your health.


Message History

The slime creature jiggles.
You see here the +3 leather armour of Focus {-Tele Fly rElec rF+}.
Okay, then.
Your system rejects the healing.
You feel better.
The wyvern hisses menacingly.
Blink to where?
Press: ? - help, Dir - move target
As you read the scroll of blinking, it crumbles to dust.
Aiming: Corrosive Bolt
Press: ? - help, Shift-Dir - straight line
Okay, then.
You feel yourself speed up.
Urug throws a javelin.
The javelin barely misses you.
You feel very mighty all of a sudden.
You become transparent, but the glow from your form prevents you from becoming completely invisible.
Urug throws a javelin.
The javelin pierces through you!
* * * LOW HITPOINT WARNING * * *
You are confused.
Your system rejects the healing.
You feel invigorated.
Urug throws a javelin.
The javelin completely misses you.
You bump into the stone wall.
You punch the seven-headed hydra!
The seven-headed hydra begins to glow.
Your bite misses the seven-headed hydra.
The seven-headed hydra is lightly wounded.
You hit the seven-headed hydra.
The seven-headed hydra glows dangerously bright.
You bite the seven-headed hydra. You drain its power.
The seven-headed hydra is moderately wounded.
The seven-headed hydra bites you. The seven-headed hydra bites you!
* * * LOW HITPOINT WARNING * * *
The seven-headed hydra barely misses you. x2
The seven-headed hydra closely misses you.
The seven-headed hydra bites you!
* * * LOW HITPOINT WARNING * * *
The seven-headed hydra bites you!
* * * LOW HITPOINT WARNING * * *
You're too confused to move!
You're too confused to move!
The seven-headed hydra misses you. The seven-headed hydra bites you!
You die...

#...........# ..
##.........#### <..
#..........#.###....
##.............#....
####................
##..###.....(........
#.#..J.J###............
#|..###o.###........#
##..# #....###p.....#
Q.#.# #......D##....#
..###.. #....###.....>#
. #####..### ..#...#
#^...### .#....# #..###
.#....# #### #. ...# #
.## ..


You could see a seven-headed hydra (heavy contam).

Vanquished Creatures
  A two-headed ogre (D:9)
  A boulder beetle (D:10)
  A cyclops (D:6)
  A troll (D:9)
  A hornet (D:9)
  A wyvern (D:7)
  3 yaks (D:10)
  A steam dragon (D:8)
  A two-headed ogre zombie (D:9)
  Edmund (D:4)
  2 water moccasins
  An ice beast (D:7)
  18 orc warriors
  3 ogres
  4 centaurs
  3 phantoms (D:9)
  3 kobold brigands
  3 bullfrogs
  A gnoll sergeant (D:5)
  6 scorpions
  17 wights
  A troll zombie (D:9)
  2 electric eels (D:9)
  2 howler monkeys (D:6)
  2 centaur zombies (Ossuary)
  7 hounds
  A human zombie (Ossuary)
  4 jellies
  6 orc priests
  2 gnoll boudas (D:6)
  3 iguanas
  18 orc wizards
  6 ogre zombies (D:9)
  4 mummies (Ossuary)
  5 adders
  17 gnolls
  A shadow imp (D:8)
  A white imp (D:6)
  2 ufetubi
  7 worms
  5 dart slugs
  32 orcs
  11 ball pythons
  8 bats
  9 endoplasms
  4 giant cockroaches
  14 goblins
  11 hobgoblins
  8 jackals
  27 kobolds
  7 quokkas
  9 frilled lizards
  4 goblin skeletons (D:9)
  3 goblin zombies
  A hobgoblin skeleton (D:9)
  3 hobgoblin zombies
  2 kobold zombies (Ossuary)
  3 orc skeletons (D:9)
  14 orc zombies
  4 rats
343 creatures vanquished.

Notes
Turn   | Place    | Note
-------+----------+-------------------------------------------
     0 | D:1      | Ethylacetat the Vine Stalker Shapeshifter began the quest
                  | for the Orb.
     0 | D:1      | Reached XP level 1. HP: 9/9 MP: 2/2
    71 | D:1      | Reached skill level 1 in Fighting
   105 | D:1      | Reached XP level 2. HP: 7/14 MP: 3/3
   313 | D:1      | Reached XP level 3. HP: 17/18 MP: 1/4
  1289 | D:2      | Reached XP level 4. HP: 20/22 MP: 5/5
  1579 | D:2      | Reached skill level 4 in Shapeshifting
  1579 | D:2      | Reached XP level 5. HP: 17/26 MP: 4/6
  2370 | D:3      | Identified the +3 leather armour of Focus {-Tele Fly rElec
                  | rF+}
  2453 | D:3      | Found a hide-covered altar of Uskayaw.
  2454 | D:3      | Found a glowing golden altar of the Shining One.
  2842 | D:4      | Noticed an angel
  2842 | D:4      | Found a shimmering altar of Xom.
  2842 | D:4      | Found a glowing silver altar of Zin.
  2898 | D:4      | Reached XP level 6. HP: 15/31 MP: 2/7
  3230 | D:4      | Noticed Edmund
  3240 | D:4      | Killed Edmund
  3241 | D:4      | Reached skill level 1 in Spellcasting
  3241 | D:4      | Reached skill level 5 in Shapeshifting
  3241 | D:4      | Reached XP level 7. HP: 11/35 MP: 4/9
  3425 | D:4      | Found a shadowy altar of Dithmenos.
  3666 | D:5      | Entered Level 5 of the Dungeon
  3778 | D:5      | Found Wiafukes's General Store.
  3782 | D:5      | Found Noira's Specific Store.
  3795 | D:5      | Bought a scroll of blinking for 105 gold pieces
  3887 | D:5      | Gained mutation: You have razor-sharp teeth. [Vine Stalker
                  | growth]
  3887 | D:5      | Reached XP level 8. HP: 14/40 MP: 8/12
  3918 | D:5      | Found a sand-covered staircase.
  3926 | Ossuary  | Entered an ossuary
  4073 | Ossuary  | Reached skill level 6 in Shapeshifting
  4160 | D:5      | Found a staircase to the Ecumenical Temple.
  4187 | D:5      | Reached skill level 5 in Unarmed Combat
  4502 | D:6      | Reached XP level 9. HP: 31/45 MP: 8/14
  4517 | D:6      | Reached skill level 7 in Shapeshifting
  4517 | D:6      | Noticed a cyclops
  4531 | D:6      | Killed a cyclops
  4635 | D:6      | Identified the +0 cloak "Uvacsig" {Dex+3}
  4657 | D:6      | Found Ehuaj's Book Shoppe.
  4700 | D:6      | Found a blossoming altar of Fedhas.
  4786 | D:6      | Identified the ring "Rore" {Will+ Str+2}
  4788 | D:6      | Identified the ring "Wecif" {rElec rN+ EV+5 Int-4 Stlth+}
  5085 | D:7      | Reached skill level 5 in Fighting
  5162 | D:7      | Reached skill level 8 in Shapeshifting
  5169 | D:7      | Reached skill level 5 in Dodging
  5258 | D:7      | Reached XP level 10. HP: 49/51 MP: 14/17
  5375 | D:7      | Reached skill level 5 in Spellcasting
  5668 | D:7      | Found an opulent altar of Gozag.
  5783 | Temple   | Entered the Ecumenical Temple
  5788 | Temple   | Became a worshipper of Ashenzari the Shackled
  5884 | D:8      | Found a flagged portal.
  5907 | Bailey   | Entered a bailey
  6074 | Bailey   | Reached skill level 9 in Shapeshifting
  6436 | D:8      | Found Xouklit's Jewellery Emporium.
  6564 | D:8      | Found a basalt altar of Yredelemnul.
  6574 | D:8      | Found the -2 hat of the Alchemist {rElec rPois rF+ rC+ rN+
                  | Will+ rMut rCorr}
  6746 | D:8      | Found Fierph's Distillery.
  6751 | D:8      | Found Zeyvats's General Store.
  6829 | D:8      | Found Anain's Magic Scroll Shop.
  7146 | D:9      | Found Siedyeji's General Store.
  7185 | D:9      | Reached XP level 11. HP: 58/58 MP: 21/21
  7333 | D:9      | Reached * piety under Ashenzari
  7384 | D:9      | Found a staircase to the Orcish Mines.
  7440 | D:9      | Noticed a two-headed ogre
  7462 | D:9      | Killed a two-headed ogre
  7875 | D:10     | Entered Level 10 of the Dungeon
  7875 | D:10     | Noticed a boulder beetle
  7876 | D:10     | Found a staircase to the Lair.
  7891 | D:10     | Killed a boulder beetle
  7892 | D:10     | Reached skill level 10 in Shapeshifting
  8097 | D:10     | Noticed a tengu warrior
  8098 | D:10     | Noticed a seven-headed hydra
  8099 | D:10     | Noticed Urug
  8135 | D:10     | HP: 1/58 [seven-headed hydra (4)]
  8137 | D:10     | Mangled by a seven-headed hydra

Illustrated notes

Levels and vault maps discovered:
D:1:      dpeg_chamrin_arrival_tetris, layout_basic,
          chequers_serial_rivers_micro_e, chequers_serial_rivers_large_b
D:2:      layout_loops_corners, hangedman_feature_mirror, grunt_decor_cap
D:3:      minmay_angry_zag, layout_basic, nicolae_overflow_two_pavilions,
          nicolae_concentric_dashed_squares_mild
D:4:      kennysheep_six_static_rooms, layout_cave_pools,
          grunt_temple_overflow_order_and_chaos_1, lemuel_round_altar,
          uniq_edmund
D:5:      layout_cave_pools, temple_doors_e, chequers_ossuary_entry_cave,
          minmay_tree_intersection, st_stairs_12, nicolae_specific_store
D:6:      minmay_flawed_box, layout_rooms, mainiacjoe_overflow_catwalk,
          serial_shops, shop, minivault_10, grunt_potential
D:7:      layout_cave_pools, general_overflow_altar, serial_column_ruins,
          column_ruins_grid_3, column_ruins_open_medium, column_ruins_grid_3,
          column_ruins_grid_3, corexii_corridor_pit
D:8:      layout_loops_corners, mainiacjoe_overflow_paths, enter_bailey_2,
          serial_shops, shop, shop, shop, shop
D:9:      layout_small_grid, zombieorc2_lemuel, serial_shops,
          nicolae_shop_stone, serial_bayou_ford_a
D:10:     minmay_the_grid_four_pointed_star
          [minmay_the_grid_triangle_9x9_intruding_spiral,
          minmay_the_grid_triangle_9x9_longest,
          minmay_the_grid_triangle_9x9_steps,
          minmay_the_grid_triangle_9x9_alien, minmay_the_grid_prize_trominoes],
          layout_cross, gammafunk_temple_overflow_elements,
          nicolae_overflow_hidden_temple, uniq_urug
Temple:   hellmonk_temple_micro_hex

Skill      XL: |  1  2  3  4  5  6  7  8  9 10 11 |
---------------+----------------------------------+-----
Fighting       | 1 2 3 4 5 6 |  6.6
Dodging        | 2 3 4 5 6 |  6.3
Shapeshifting  | 4 5 6 8 9 10 | 10.1
Unarmed Combat | 4 5 6 7 |  7.9
Spellcasting   | 1 2 3 4 5 6 |  6.4

Action                     |  1- 3 |  4- 6 |  7- 9 | 10-12 || total
---------------------------+-------+-------+-------+-------++-------
  Melee: Unarmed           |    91 |   167 |   357 |   447 ||  1062
         Bite              |    23 |    45 |   152 |   183 ||   403
         Punch             |     3 |     3 |       |       ||     6
 Invoke: Curse Item        |       |       |       |     2 ||     2
  Evoke: Wand              |       |       |     3 |     3 ||     6
    Use: Potion            |       |       |       |     5 ||     5
         Scroll            |       |       |       |     2 ||     2
   Stab: Sleeping          |     6 |     2 |       |       ||     8
 Armour: Animal skin       |    36 |    48 |       |       ||    84
         Leather armour    |       |    39 |   247 |   198 ||   484
         Skin              |       |       |       |     9 ||     9
  Dodge: Dodged            |    52 |   111 |   331 |   517 ||  1011
   Form: Flux              |       |     1 |       |       ||     1

Table legend: (Time is in decaauts)
 A = Elapsed time spent in this place.
 B = Non-inter-level travel time spent in this place.
 C = Inter-level travel time spent in this place.
 D = Time resting spent in this place.
 E = Time spent auto-exploring this place.
 F = Levels seen in this place.
 G = Mean time per level.
                   A        B        C        D        E       F      G
               +--------+--------+--------+--------+--------+-----+--------+
         Total |   8046 |   7702 |    344 |      0 |   5616 |  13 |  618.9 |
       Dungeon |   7511 |   7171 |    340 |      0 |   5369 |  10 |  751.1 |
        Temple |     10 |      6 |      4 |      0 |      0 |   1 |   10.0 |
       Ossuary |    183 |    183 |      0 |      0 |     83 |   1 |  183.0 |
        Bailey |    339 |    339 |      0 |      0 |    164 |   1 |  339.0 |
               +--------+--------+--------+--------+--------+-----+--------+

Top non-repeatable levels by time:
     D:1: 1061 daAuts
     D:2: 976 daAuts
     D:8: 872 daAuts
     D:3: 817 daAuts
     D:4: 816 daAuts
     D:9: 748 daAuts
     D:6: 712 daAuts
     D:7: 693 daAuts
     D:5: 560 daAuts
  Bailey: 339 daAuts
    D:10: 251 daAuts
 Ossuary: 183 daAuts
  Temple: 10 daAuts
